 Dungeon Crawl Stone Soup version 0.26.1-11-gd32895ea62 (webtiles) character file.

Game seed: 2190290402006390723

117 jlumianski the Caller (level 4, 0/19 HPs)
             Began as a Felid Summoner on May 3, 2021.
             Killed from afar by an orc wizard (7 damage)
             ... with a puff of frost
             ... on level 2 of the Dungeon.
             The game lasted 00:24:11 (4579 turns).

jlumianski the Caller (Felid Summoner)              Turns: 4579, Time: 00:24:12

Health: 0/19       AC:  1    Str:  4    XL:     4   Next: 71%
Magic:  3/9        EV: 18    Int: 17    God:
Gold:   116        SH:  0    Dex: 16    Spells: 6/9 levels left
                                        Lives:  0   Deaths: 1

rFire    . . .     SeeInvis +     - Unarmed
rCold    . . .     Faith    .   (shield unavailable)
rNeg     . . .     Spirit   .   (armour unavailable)
rPois    .         Reflect  .   (helmet unavailable)
rElec    .         Harm     .   (cloak unavailable)
rCorr    .         Rampage  .   (gloves unavailable)
Will     .....                  (boots unavailable)
Stlth    +++.......             (no amulet)
HPRegen  0.06/turn              (no ring)
MPRegen  0.11/turn              (no ring)

@: quick
A: very small, no armour, no weapons or thrown items, stealth, claws 1, fangs 3,
see invisible, speed 1, shaggy fur 1, sharp paws
a: no special abilities


You were on level 2 of the Dungeon.
You visited 1 branch of the dungeon, and saw 4 of its levels.

You collected 116 gold pieces.

Inventory:

Jewellery
 e - an uncursed amulet of guardian spirit
 j - a cursed ring of teleportation
Scrolls
 b - 3 scrolls of teleportation
 f - a scroll of magic mapping
 h - a scroll of enchant weapon {unknown}
 i - 2 scrolls of amnesia
 m - a scroll of identify
 n - a scroll of random uselessness {unknown}
Potions
 a - a potion of berserk rage
 c - a potion of heal wounds {unknown}
 d - 3 potions of curing
 g - 2 potions of mutation {unknown}
 k - 2 potions of brilliance {unknown}
 l - 2 potions of cancellation {unknown}


   Skills:
 * Level 1.3 Fighting
 * Level 3.3 Dodging
 + Level 4.1 Stealth
 + Level 1.0 Unarmed Combat
 + Level 3.1 Spellcasting
 + Level 4.8 Summonings


You had 6 spell levels left.
You knew the following spells:

 Your Spells              Type           Power        Failure   Level
a - Summon Small Mammal   Summ           72%          2%          1
b - Call Imp              Summ           18%          3%          2

Your spell library contained the following spells:

 Spells                   Type           Power        Failure   Level
 Call Canine Familiar     Summ           18%          7%          3
 Summon Guardian Golem    Hex/Summ       10%          19%         3
 Summon Ice Beast         Ice/Summ       10%          54%         4
 Summon Lightning Spire   Summ/Air       10%          54%         4


Dungeon Overview and Level Annotations

Branches:
Dungeon (4/15)
 Temple: D:4-7

Altars:
Nemelex Xobeh
Sif Muna


Innate Abilities, Weirdness & Mutations

You cannot wear armour.
You are incapable of wielding weapons or throwing items.
Your paws allow you to move quietly. (Stealth)
You have sharp claws.
You have razor-sharp teeth.
You have supernaturally acute eyesight. (SInv)
You cover ground quickly.
You are covered in fur. (AC +1)
Your sharp claws are effective at attacking unaware monsters.


Message History

The orc wizard barely misses you.
Your bat barely misses the orc wizard.
The orc wizard barely misses your bat.
Your bat misses the orc wizard.
The orc wizard hits your bat with a +0 dagger.
Your bat dies!
Your bat's corpse disappears in a puff of smoke!
The orc wizard mumbles some strange words.
The orc wizard seems to speed up.
The orc wizard gestures at you while chanting.
The puff of flame hits you!
* * * LOW HITPOINT WARNING * * *
There is an escape hatch in the floor here.
You see here a chain mail.
There is a stone staircase leading up here.
The orc wizard barely misses you.
You climb upwards.
There is a stone staircase leading down here.
The orc wizard casts a spell at you. The puff of frost hits you!
You die...

.###...).# .'.......# .###.....#
## #.....# #.....# #######
#.....####### #.....#
####........# #.....#######
#........#####.....#.....##
######........'@>o'.....).....'.
#.........(...#####.....#....<##
#......###.#### #######.....#
#......# #.# #.........#
##......# #.# #.........#
........# #.# #.....#####
........# #.# ####### .......†#
#.# ...###### #.#


You could see an orc wizard (fast).

Vanquished Creatures
  An orc wizard (D:3)
  An orc priest (D:3)
  A worker ant (D:4)
  A leopard gecko (D:1)
  4 goblins
  5 hobgoblins
  3 kobolds
  A quokka (D:2)
  A bat (D:1)
  5 frilled lizards
  4 rats
27 creatures vanquished.

Vanquished Creatures (collateral kills)
  4 adders
  An ooze (D:2)
  A worm (D:2)
  3 dart slugs (D:1)
  2 leopard geckos
  7 orcs
  2 ball pythons (D:2)
  6 goblins
  4 hobgoblins
  3 jackals (D:2)
  6 kobolds
  2 quokkas (D:2)
  2 bats
  3 frilled lizards (D:2)
  4 rats
50 creatures vanquished.

Grand Total: 77 creatures vanquished

Notes
Turn   | Place    | Note
-------+----------+-------------------------------------------
     0 | D:1      | jlumianski the Felid Summoner began the quest for the Orb.
     0 | D:1      | Reached XP level 1. HP: 7/7 MP: 4/4
   438 | D:1      | Reached XP level 2. HP: 11/11 MP: 3/6
   444 | D:1      | Learned a level 2 spell: Call Imp
  1321 | D:1      | Reached XP level 3. HP: 14/14 MP: 4/7
  2772 | D:2      | Found a sparkling altar of Nemelex Xobeh.
  3173 | D:3      | Reached XP level 4. HP: 18/18 MP: 3/9
  3670 | D:3      | Killed from afar by an orc priest
  3671 | D:3      | Reached XP level 3. HP: -9/15 MP: 3/8
  3772 | D:3      | Reached skill level 1 in Fighting
  3992 | D:3      | Reached XP level 4. HP: 8/19 MP: 4/9
  4368 | D:3      | Found a shimmering blue altar of Sif Muna.
  4502 | D:4      | Noticed an ogre
  4515 | D:4      | Reached skill level 1 in Unarmed Combat
  4579 | D:2      | Killed from afar by an orc wizard

Illustrated notes

Levels and vault maps discovered:
D:1:      co_arrival_square_in_a_square_in_a_square, layout_basic
D:2:      layout_basic, lemuel_round_altar, hangedman_abyss_or_decor_stabs
D:3:      layout_rooms, led_sif_pool
D:4:      layout_cave_pools, old_standard_altar

Skill      XL: |  1  2  3  4 |
---------------+-------------+-----
Stealth        | 3 4 |  4.1
Fighting       | 1 |  1.3
Dodging        | 3 |  3.3
Spellcasting   | 3 |  3.1
Unarmed Combat | 1 |  1.0
Summonings     | |  4.8

Action                   |  1- 3 |  4- 6 || total
-------------------------+-------+-------++-------
Melee: Unarmed           |   132 |    17 ||   149
       Bite              |     9 |     3 ||    12
 Cast: Summon Small Mamm |    20 |     4 ||    24
       Call Imp          |    43 |    21 ||    64
  Use: Scroll            |     7 |       ||     7
       Potion            |     2 |       ||     2
 Stab: Sleeping          |    10 |     3 ||    13
Armor: Skin              |     6 |       ||     6
Dodge: Dodged            |   111 |    29 ||   140
